 Seeded DCSS version 0.29-a0-393-g47a863cc1b (webtiles) character file.

Game seed: 20220504 (custom seed)

77966 a11behringer the Merfolkian Blade (level 15, -9/190 HPs)
             Began as a Merfolk Berserker on May 8, 2022.
             Was a High Priest of Trog.
             Mangled by a deep elf blademaster
             ... wielding a +2 antimagic rapier
              (10 damage)
             ... on level 1 of the Elven Halls on May 9, 2022.
             The game lasted 00:58:54 (17909 turns).

a11behringer the Merfolkian Blade (MfBe)           Turns: 17909, Time: 00:58:55

Health: -9/190     AC: 22    Str: 17    XL:     15   Next: 58%
Magic:  0/24       EV: 39    Int:  5    God:    Trog [*****.]
Gold:   531        SH:  5    Dex: 35    Spells: 14/14 levels left

rFire   . . .      SeeInvis +   H - +9 great sword "Sarcophage" {vorpal, rElec Dex+3 Stlth+}
rCold   . . .      Faith    .   (shield currently unavailable)
rNeg    . . .      Spirit   .   l - +0 robe of Reason {MP+9 Int-3 Dex+9 SInv}
rPois   .          Reflect  +   f - +2 helmet
rElec   +          Harm     .   U - +2 cloak
rCorr   .          Rampage  .   V - +2 pair of gloves {Dex+3}
Will    +++..                   J - +2 pair of boots
Stlth   ..........              S - amulet of Tysufaor {Reflect SH+5 Stlth+}
HPRegen 1.41/turn               j - +4 ring of protection
MPRegen 0.19/turn               g - +4 ring of protection

@: berserking, lethally poisoned (-9 -> -11), strong-willed, regenerating,
studying Fighting, very quick
A: (nimble swimmer 2), mertail
a: Renounce Religion, Berserk, Trog's Hand, Brothers in Arms


You were on level 1 of the Elven Halls.
You worshipped Trog.
Trog was extremely pleased with you.
You visited 3 branches of the dungeon, and saw 18 of its levels.
You also visited: Bailey.

You collected 2505 gold pieces.
You spent 1974 gold pieces at shops.

Inventory:

Hand Weapons
 h - a +1 antimagic great sword
 r - a +2 falchion of holy wrath
 x - a +6 vorpal demon blade
 E - a +1 scimitar of flaming
 H - the +9 great sword "Sarcophage" (weapon) {vorpal, rElec Dex+3 Stlth+}
   (You found it on level 9 of the Dungeon)

   It inflicts extra damage upon your enemies.
   Dex:       It affects your dexterity (+3).
   rElec:     It insulates you from electricity.
   Stlth:     It makes you more stealthy.
 K - the +6 rapier of Gravity {drain, Will+}
   (You bought it in a shop on level 14 of the Dungeon)

   A truly terrible weapon, it drains the life of any living foe it strikes.
   Will:      It increases your willpower.
 N - the +5 dagger "Ganoaj" {venom, rPois Str+3 Stlth+}
   (You found it in a bailey)

   It poisons the flesh of those it strikes.
   Str:       It affects your strength (+3).
   rPois:     It protects you from poison.
   Stlth:     It makes you more stealthy.
 T - the +3 double sword of the Walnut {drain, rElec rF+ Will+ Dex-2}
   (You found it on level 9 of the Dungeon)

   A truly terrible weapon, it drains the life of any living foe it strikes.
   Dex:       It affects your dexterity (-2).
   rF:        It protects you from fire.
   rElec:     It insulates you from electricity.
   Will:      It increases your willpower.
Missiles
 d - 5 throwing nets
 A - 6 curare-tipped darts (quivered)
 B - 50 poisoned darts
 M - 8 datura-tipped darts
Armour
 f - a +2 helmet (worn)
 l - the +0 robe of Reason (worn) {MP+9 Int-3 Dex+9 SInv}
   (You found it on level 2 of the Dungeon)

   Int:       It affects your intelligence (-3).
   Dex:       It affects your dexterity (+9).
   MP:        It affects your magic capacity (+9).
   SInv:      It lets you see invisible.
 y - a +1 troll leather armour {Snorg}
 J - a +2 pair of boots (worn)
 U - a +2 cloak (worn)
 V - a +2 pair of gloves of dexterity (worn)
Jewellery
 c - a ring of protection from cold
 g - a +4 ring of protection (right hand)
 j - a +4 ring of protection (left hand)
 C - the ring "Fiot" {Fly Slay+2}
   (You found it on level 5 of the Dungeon)

   [ring of flight]

   Slay:      It affects your accuracy & damage with ranged weapons and melee
   (+2).
   Fly:       It grants you flight.
 S - the amulet of Tysufaor (around neck) {Reflect SH+5 Stlth+}
   (You bought it in a shop on level 9 of the Dungeon)

   [amulet of reflection]

   It reflects blocked missile attacks.
   SH:        It affects your SH (+5).
   Stlth:     It makes you more stealthy.
Wands
 n - a wand of flame (30)
 p - a wand of paralysis (3)
 L - a wand of iceblast (10)
 Q - a wand of mindburst (6)
Scrolls
 e - 5 scrolls of summoning
 o - 6 scrolls of enchant armour
 q - 3 scrolls of vulnerability
 v - a scroll of silence {unknown}
 z - 3 scrolls of brand weapon
 F - 2 scrolls of teleportation
 P - 3 scrolls of blinking
 R - 2 scrolls of fog
Potions
 a - 2 potions of cancellation
 b - a potion of resistance {unknown}
 i - a potion of flight {unknown}
 k - 9 potions of curing
 s - 2 potions of might
 t - a potion of haste {unknown}
 u - 4 potions of invisibility
 w - 2 potions of attraction
 D - 3 potions of heal wounds
 G - 2 potions of lignification
 I - 2 potions of ambrosia
Miscellaneous
 O - a piece from Xom's chessboard (15/15)


   Skills:
 + Level 14.9 Fighting
 * Level 22.9 Long Blades
 + Level 1.4 Armour
 * Level 19.8 Dodging
 + Level 9.8 Stealth
 + Level 3.5 Shields


You had 14 spell levels left.
You didn't know any spells.
Your spell library was empty.

Dungeon Overview and Level Annotations

Branches:
Dungeon (15/15)            Temple (0/1) D:4            Lair (0/6) D:8
    Orc (2/2) D:10            Elf (1/3) Orc:2        Vaults (0/5) D:14
 Depths (0/4) D:15         Bailey (visited)

Altars:
Ashenzari
Elyvilon
Fedhas
Gozag
Hepliaklqana
Makhleb
Okawaru
Sif Muna
Trog
Uskayaw
Vehumet
Wu Jian
Zin
The Shining One
Beogh
Lugonu

Shops:
D:9 =:   D:14 (   Orc:2 [(*(!   Elf:1 [

Portals:
Abyss: D:5

Annotations:
Elf:1 1 transporter, Deemu's ghost, adept HuVM


Innate Abilities, Weirdness & Mutations

((You are very nimble when in or above water. (Stealth+, EV+, Speed+++)))
Your lower body shifts to a powerful aquatic tail in water.


Message History

Your stone giant barely misses the deep elf blademaster.
The deep elf blademaster completely misses you.
The deep elf blademaster hits you with a +2 antimagic rapier!
You feel your power leaking away.
The moth of wrath bites your stone giant but does no damage.
You cut the deep elf blademaster into ribbons!!!
The deep elf blademaster is almost dead.
You are more poisoned.
The deep elf blademaster closely misses you.
You block the deep elf blademaster's attack.
Deemu's ghost completely misses you.
The deep elf blademaster closely misses you.
The deep elf blademaster hits you with a +0 antimagic rapier!
* * * LOW HITPOINT WARNING * * *
The deep elf blademaster barely misses you.
The deep elf blademaster hits you with a +0 rapier!
* * * LOW HITPOINT WARNING * * *
Your stone giant hits the deep elf blademaster!!!
The deep elf blademaster dies!
Trog accepts your kill.
You slash the deep elf blademaster!
The deep elf blademaster is lightly wounded.
You feel sick.
The deep elf blademaster hits you with a +2 antimagic rapier!
* * * LOW HITPOINT WARNING * * *
The deep elf blademaster hits you with a +2 antimagic rapier!
* * * LOW HITPOINT WARNING * * *
The moth of wrath completely misses your stone giant.
The deep elf blademaster closely misses you. x2
You slice the deep elf blademaster!!
The deep elf blademaster is heavily wounded.
You feel sick.
* * * LOW HITPOINT WARNING * * *
You are more poisoned.
Your stone giant hits the moth of wrath!!
Deemu's ghost hits you.
* * * LOW HITPOINT WARNING * * *
The deep elf blademaster hits you but does no damage.
The deep elf blademaster hits you with a +2 antimagic rapier!
You die...

#........'.........'..
#..................###
#..#..............##
#......#####.....##
##...###.©.###..## #..##..
##..# ##..##. ###.)#
##..##e# .#≈#.##.##
##...#)@#≈.!)##..#..##
##...©#CeW#._?...y#©.)#
##.....#y...!§§....#.).#
#......##....#§##.##...###
##......#....###.y#.......
##.....##...y..###....###
##.....###...###)....#
##......#####......##
##.#..............#


You could see 2 deep elf blademasters, 2 moths of wrath, Deemu's ghost (toxic
aura, invisible) and a friendly stone giant (summoned, berserk, poisoned).

Vanquished Creatures
  Frances (D:14)
  The ghost of Kaaschics the Nimble, an adept GnMo of Makhleb (D:15)
  A deep elf elementalist (Elf:1)
  An orc warlord (Elf:1)
  A deep elf sorcerer (Elf:1)
  A stone giant (D:15)
  A deep elf annihilator (Elf:1)
  Azrael (Elf:1)
  Snorg (D:10)
  8 vault guards (D:14)
  2 ogre magi (D:15)
  Harold (D:11)
  A boulder beetle (D:15)
  2 hydras
  The ghost of tasumai the Basher, a journeyman GrBe of Trog (D:9)
  2 dancing weapons (Elf:1)
  7 centaur warriors
  10 two-headed ogres
  2 tengu warriors (D:15)
  3 deep elf knights (Elf:1)
  Nergalle (Orc:1)
  A death drake (shapeshifter) (D:13)
  Lodul (D:11)
  Pikel (D:5)
  14 deep elf pyromancers
  12 orc knights
  5 deep elf archers (Elf:1)
  14 deep elf zephyrmancers (Elf:1)
  2 ugly things
  3 manticores
  2 orc sorcerers
  2 cyclopes (D:12)
  Maurice (Orc:1)
  Maggie (D:7)
  An efreet (D:12)
  A komodo dragon (D:10)
  Psyche (D:10)
  6 trolls
  Prince Ribbit (D:5)
  2 hornets
  8 slime creatures
  2 water elementals (Elf:1)
  4 wraiths
  2 wyverns
  23 yaks
  Eustachio (D:6)
  A fire elemental (Elf:1)
  A steam dragon (D:8)
  2 vampire mosquitoes (D:14)
  13 wargs
  A water moccasin (D:7)
  2 sky beasts
  4 hell hounds (Elf:1)
  46 orc warriors
  3 ice beasts
  18 ogres
  11 centaurs
  2 phantoms
  A lemure (D:5)
  9 kobold brigands
  Blork the orc (D:5)
  An earth elemental (Elf:1)
  A necrophage (D:4)
  2 gnoll sergeants
  3 bullfrogs
  4 scorpions
  4 wights (D:8)
  2 jellies
  4 electric eels
  4 howler monkeys
  3 hounds
  15 orc priests
  Crazy Yiuf (D:4)
  A gnoll shaman (D:4)
  6 iguanas
  16 orc wizards
  19 gnolls
  14 adders
  A shadow imp (D:7)
  A white imp (D:3)
  4 worms
  67 orcs
  8 endoplasms
  2 giant cockroaches
  A goblin (D:4)
  4 hobgoblins
  6 jackals
  5 quokkas
  11 ball pythons
  6 bats
  5 frilled lizards
  20 kobolds
  9 rats
525 creatures vanquished.

Vanquished Creatures (collateral kills)
  A deep elf blademaster (Elf:1)
1 creature vanquished.

Vanquished Creatures (others)
  An orc (Orc:1)
  2 lurking horrors (D:5)
  12 plants
15 creatures vanquished.

Grand Total: 541 creatures vanquished

Notes
Turn   | Place    | Note
-------+----------+-------------------------------------------
     0 | D:1      | a11behringer the Merfolk Berserker began the quest for the
                  | Orb.
     0 | D:1      | Reached XP level 1. HP: 18/18 MP: 1/1
   136 | D:1      | Upgraded the game from 0.29-a0-392-g297d3b089c to
                  | 0.29-a0-393-g47a863cc1b
   243 | D:1      | Reached XP level 2. HP: 22/24 MP: 2/2
   620 | D:1      | Reached skill level 4 in Long Blades
  1162 | D:2      | Identified the +0 robe of Reason {MP+9 Int-3 Dex+9 SInv}
  1278 | D:2      | Reached skill level 1 in Stealth
  1278 | D:2      | Reached XP level 3. HP: 2/29 MP: 3/3
  1278 | D:2      | HP: 2/43 [quokka (2)]
  1896 | D:2      | Reached XP level 4. HP: 34/37 MP: 4/4
  2029 | D:2      | Reached ** piety under Trog
  2041 | D:2      | Found a blossoming altar of Fedhas.
  2056 | D:2      | Reached skill level 5 in Long Blades
  2312 | D:3      | Found a shimmering blue altar of Sif Muna.
  2344 | D:3      | Found a faded altar of an unknown god.
  2547 | D:3      | Reached XP level 5. HP: 39/42 MP: 5/5
  2870 | D:4      | Reached skill level 6 in Long Blades
  2995 | D:4      | Reached XP level 6. HP: 48/48 MP: 6/6
  3205 | D:4      | Found a hide-covered altar of Uskayaw.
  3206 | D:4      | Found an opulent altar of Gozag.
  3207 | D:4      | Found a hazy altar of Hepliaklqana.
  3208 | D:4      | Found a radiant altar of Vehumet.
  3209 | D:4      | Found a bloodstained altar of Trog.
  3209 | D:4      | Found a glowing golden altar of the Shining One.
  3220 | D:4      | Found a burning altar of Makhleb.
  3342 | D:4      | Found a runed translucent door.
  3343 | D:4      | Noticed Crazy Yiuf
  3399 | D:4      | Reached skill level 7 in Long Blades
  3495 | D:4      | Reached *** piety under Trog
  3585 | D:4      | Reached XP level 7. HP: 47/54 MP: 7/7
  3766 | D:4      | Found a staircase to the Ecumenical Temple.
  3866 | D:4      | Killed Crazy Yiuf
  3867 | D:4      | Reached skill level 8 in Long Blades
  3933 | D:5      | Entered Level 5 of the Dungeon
  3978 | D:5      | Noticed Prince Ribbit
  3993 | D:5      | Found a corrupted altar of Lugonu.
  3994 | D:5      | Found a one-way gate to the infinite horrors of the Abyss.
  3998 | D:5      | Killed Prince Ribbit
  4208 | D:5      | Found a blossoming altar of Fedhas.
  4383 | D:5      | Paralysed by a gnoll for 4 turns
  4398 | D:5      | Reached skill level 9 in Long Blades
  4489 | D:5      | Found an iron altar of Okawaru.
  4525 | D:5      | Noticed Blork the orc
  4538 | D:5      | Killed Blork the orc
  4539 | D:5      | Reached XP level 8. HP: 32/61 MP: 8/8
  4713 | D:5      | Noticed Pikel
  4730 | D:5      | Killed Pikel
  4731 | D:5      | Reached skill level 10 in Long Blades
  4731 | D:5      | Reached skill level 5 in Dodging
  5017 | D:5      | Found a white marble altar of Elyvilon.
  5025 | D:5      | Reached skill level 11 in Long Blades
  5031 | D:5      | Reached skill level 5 in Fighting
  5034 | D:5      | Identified the ring "Fiot" {Fly Slay+2}
  5377 | D:6      | Reached XP level 9. HP: 68/68 MP: 9/9
  5511 | D:6      | Noticed Eustachio
  5520 | D:6      | Killed Eustachio
  5813 | D:6      | Reached skill level 12 in Long Blades
  6085 | D:6      | Found an ornate altar of the Wu Jian Council.
  6743 | D:7      | You fall into a shaft and drop 3 floors!
  6743 | D:10     | Entered Level 10 of the Dungeon
  6743 | D:10     | Noticed a green ugly thing
  6760 | D:10     | Killed a green ugly thing
  6761 | D:10     | Reached skill level 13 in Long Blades
  6826 | D:9      | Noticed a ten-headed hydra
  6826 | D:9      | Noticed tasumai's ghost (journeyman GrBe)
  6826 | D:9      | Found a runed translucent gate.
  6826 | D:9      | Found a runed translucent gate.
  6826 | D:9      | Found a runed translucent gate.
  6826 | D:9      | Found Notroyra's Book Shop.
  6970 | D:9      | Found Soum's Jewellery Emporium.
  6970 | D:9      | Noticed a hornet
  6976 | D:9      | Killed a hornet
  6977 | D:9      | Reached XP level 10. HP: 74/76 MP: 10/10
  7057 | D:9      | Reached skill level 14 in Long Blades
  7069 | D:9      | Identified the +9 great sword "Sarcophage" {vorpal, rElec
                  | Dex+3 Stlth+}
  7269 | D:8      | Reached **** piety under Trog
  7319 | D:8      | Found a flagged portal.
  7328 | Bailey   | Entered a bailey
  7616 | Bailey   | Found an iron altar of Okawaru.
  7616 | Bailey   | Noticed an orc knight
  7621 | Bailey   | Killed an orc knight
  7636 | Bailey   | Reached skill level 15 in Long Blades
  7649 | Bailey   | Identified the +5 dagger "Ganoaj" {venom, rPois Str+3
                  | Stlth+}
  7743 | D:7      | Noticed Maggie
  7758 | D:7      | Killed Maggie
  8658 | D:8      | Found a glowing silver altar of Zin.
  8658 | D:8      | Noticed an angel
  8674 | D:8      | Found a staircase to the Lair.
  8680 | D:8      | Reached XP level 11. HP: 77/84 MP: 11/11
  8705 | D:8      | Reached skill level 16 in Long Blades
  9805 | D:10     | Noticed Snorg
  9815 | D:10     | Killed Snorg
  9816 | D:10     | Reached skill level 10 in Dodging
  9902 | D:10     | Found a staircase to the Orcish Mines.
  9936 | D:10     | Noticed a two-headed ogre
  9946 | D:10     | Killed a two-headed ogre
  9952 | D:10     | Reached skill level 17 in Long Blades
  9952 | D:10     | Reached skill level 5 in Stealth
 10140 | D:10     | Noticed Psyche
 10144 | D:10     | Killed Psyche
 10605 | D:11     | Noticed Lodul
 10605 | D:11     | Noticed Harold
 10635 | D:11     | Killed Lodul
 10642 | D:11     | Killed Harold
 10643 | D:11     | Reached skill level 18 in Long Blades
 10643 | D:11     | Reached XP level 12. HP: 93/93 MP: 12/12
 11072 | D:11     | Noticed a centaur warrior
 11082 | D:11     | Killed a centaur warrior
 11308 | D:11     | Identified 2 scrolls of acquirement
 11502 | D:12     | Reached ***** piety under Trog
 11695 | D:12     | Acquired a manual of Dodging
 11697 | D:12     | Acquired a manual of Fighting
 11821 | D:9      | Bought the amulet of Tysufaor {Reflect SH+5 Stlth+} for 398
                  | gold pieces
 11869 | D:9      | Killed tasumai's ghost
 11870 | D:9      | Reached skill level 19 in Long Blades
 11875 | D:9      | Killed a six-headed hydra
 11880 | D:9      | Identified the +3 double sword of the Walnut {drain, rElec
                  | rF+ Will+ Dex-2}
 12333 | D:13     | Noticed a centaur warrior
 12343 | D:13     | Killed a centaur warrior
 12435 | D:13     | Noticed a centaur warrior
 12443 | D:13     | Killed a centaur warrior
 12605 | D:13     | Noticed a centaur warrior
 12617 | D:13     | Killed a centaur warrior
 12641 | D:13     | Reached XP level 13. HP: 63/101 MP: 13/13
 12924 | D:13     | Received a gift from Trog
 12959 | D:13     | Reached skill level 20 in Long Blades
 12967 | D:13     | Reached skill level 10 in Fighting
 13406 | D:14     | Found a gate to the Vaults.
 13406 | D:14     | Noticed a vault guard
 13406 | D:14     | Noticed a vault guard
 13406 | D:14     | Noticed a vault guard
 13406 | D:14     | Noticed a vault guard
 13406 | D:14     | Noticed a vault guard
 13407 | D:14     | Noticed a vault guard
 13407 | D:14     | Noticed a vault guard
 13422 | D:14     | Killed a vault guard
 13423 | D:14     | Reached skill level 1 in Shields
 13430 | D:14     | Killed a vault guard
 13435 | D:14     | Killed a vault guard
 13435 | D:14     | Noticed a vault guard
 13437 | D:14     | Killed a vault guard
 13442 | D:14     | Killed a vault guard
 13445 | D:14     | Killed a vault guard
 13448 | D:14     | Killed a vault guard
 13455 | D:14     | Killed a vault guard
 13703 | D:14     | Noticed Frances
 13713 | D:14     | Killed Frances
 13714 | D:14     | Reached skill level 15 in Dodging
 13785 | D:14     | Found Bonio's Antique Weapon Boutique.
 13792 | D:14     | Bought a fine rapier for 243 gold pieces
 13792 | D:14     | Identified the +6 rapier of Gravity {drain, Will+} (You
                  | bought it in a shop on level 14 of the Dungeon)
 13792 | D:14     | Bought a runed arbalest for 202 gold pieces
 13818 | D:14     | Found a broken altar of Ashenzari.
 14054 | D:15     | Entered Level 15 of the Dungeon
 14222 | D:15     | Found a runed translucent gate.
 14222 | D:15     | Found a runed translucent gate.
 14222 | D:15     | Found a runed translucent gate.
 14222 | D:15     | Noticed Kaaschics's ghost (adept GnMo)
 14237 | D:15     | Killed Kaaschics's ghost
 14307 | D:15     | Reached skill level 21 in Long Blades
 14318 | D:15     | Reached XP level 14. HP: 78/114 MP: 14/14
 14548 | D:15     | Found a staircase to the Depths.
 14548 | D:15     | Noticed a stone giant
 14551 | D:15     | Killed a stone giant
 14771 | Orc:1    | Entered Level 1 of the Orcish Mines
 14771 | Orc:1    | Noticed Nergalle
 14785 | Orc:1    | Killed Nergalle
 14884 | Orc:2    | Entered Level 2 of the Orcish Mines
 14884 | Orc:2    | Found a staircase to the Elven Halls.
 14905 | Orc:2    | Found Ughih's Distillery.
 15059 | Orc:2    | Bought a potion of curing for 30 gold pieces
 15059 | Orc:2    | Bought a potion of might for 40 gold pieces
 15059 | Orc:2    | Bought a potion of cancellation for 80 gold pieces
 15146 | Orc:1    | Noticed Maurice
 15146 | Orc:1    | You fall into a shaft and drop 1 floor!
 15376 | Orc:1    | Killed Maurice
 15845 | Orc:2    | Found Ecyemyr's General Store.
 15921 | Orc:2    | Bought 3 scrolls of enchant armour for 337 gold pieces
 15921 | Orc:2    | Bought a scroll of brand weapon for 300 gold pieces
 15925 | Orc:2    | Found Bucsir's Antique Weapon Shoppe.
 15972 | Orc:2    | Found Kyeseol's Antique Weapon Shoppe.
 16003 | Orc:2    | Found Raipn's Antique Armour Shop.
 16490 | Elf:1    | Entered Level 1 of the Elven Halls
 16539 | Elf:1    | Reached skill level 22 in Long Blades
 16581 | Elf:1    | Noticed an orc warlord
 16602 | Elf:1    | Killed an orc warlord
 16669 | Elf:1    | Received a gift from Trog
 16679 | Elf:1    | Reached XP level 15. HP: 39/125 MP: 15/15
 16998 | Elf:1    | Noticed a deep elf elementalist
 17010 | Elf:1    | Killed a deep elf elementalist
 17323 | Elf:1    | Found a transporter.
 17333 | Elf:1    | Noticed Azrael
 17342 | Elf:1    | Killed Azrael
 17414 | Elf:1    | Found Tycide Doen's Armour Boutique.
 17423 | Elf:1    | Bought a +2 pair of gloves of dexterity for 344 gold pieces
 17467 | Elf:1    | Noticed a deep elf blademaster
 17469 | Elf:1    | Noticed a deep elf blademaster
 17879 | Elf:1    | Found a bloodstained altar of Trog.
 17879 | Elf:1    | Noticed Deemu's ghost (adept HuVM)
 17886 | Elf:1    | Found a transporter.
 17887 | Elf:1    | Noticed a deep elf sorcerer
 17896 | Elf:1    | Killed a deep elf sorcerer
 17903 | Elf:1    | Noticed a deep elf blademaster
 17907 | Elf:1    | Killed a deep elf blademaster
 17909 | Elf:1    | HP: 3/190 [Deemu's ghost/Olgreb's Toxic Radiance (8)]
 17909 | Elf:1    | HP: 1/190 [Deemu's ghost (2)]
 17909 | Elf:1    | Mangled by a deep elf blademaster

Illustrated notes

Levels and vault maps discovered:
D:1:      psy_arrival_wood_between_worlds, layout_basic, serial_park_tiny_1,
          chequers_arboretum
D:2:      layout_loops_cross, basic_altar, palyth_stone_intersect
D:3:      minmay_chambers_of_threes, layout_rooms, old_standard_altar,
          ebering_ecumenical_altar_box
D:4:      layout_basic, grunt_temple_overflow_open, minmay_temple_entry_fiery,
          chequers_serial_rivers_small_b, uniq_crazy_yiuf_cottage
D:5:      layout_loops_ring, fedhas_altar_4,
          mainiacjoe_overflow_large_starburst, amcnicky_altar_lugonu_corruption,
          uniq_prince_ribbit1, uniq_pikel, uniq_blork_the_orc
D:6:      layout_basic, nicolae_wu_jian_immortal_techniques, uniq_eustachio
D:7:      layout_loops_corners, uniq_maggie
D:8:      layout_rooms, zin_angel, erik_lair_orcish_takeover, enter_bailey_2
D:9:      layout_stronghold, serial_shops, shop_statue,
          nicolae_shop_window_shopping, gammafunk_ghost_hydra_chop,
          roderic_lattice_a
D:10:     minmay_skewed_foursquare, layout_rooms, nrook_loot_triangle,
          nicolae_concentric_dashed_squares_mild, bh_walls_and_bars, uniq_snorg,
          uniq_psyche
D:11:     layout_stronghold, minmay_variable_closet, uniq_lodul, uniq_harold
D:12:     layout_big_octagon
D:13:     layout_long_grid
D:14:     layout_cave_pools, erik_vaults_2, serial_shops, nicolae_stop_n_shop_1,
          evilmike_ruin_ashenzari, uniq_frances
D:15:     grunt_enter_depths_snipers, layout_loops_cross, serial_bayou_shore_a,
          ebering_ghost_rock_garden, minmay_st_funbox, serial_bayou_lagoon_a,
          uniq_louise
Orc:1:    layout_caves, uniq_maurice, uniq_nergalle
Orc:2:    st_orc_town, layout_caves, serial_shops, shop,
          nicolae_orc_crystal_geode
Elf:1:    nicolae_elf_arrival_fired_up, layout_loops_corners, serial_shops,
          nicolae_shop_trees, special_room [special_room_orc],
          gammafunk_ghost_wrathful_warriors, minmay_elf_annihilation,
          corexii_checkpoint_b, uniq_azrael

Skill      XL: |  1  2  3  4  5  6  7  8  9 10 11 12 13 14 15 |
---------------+----------------------------------------------+-----
Long Blades    | 4 5 6 7 9 11 13 15 18 19 21 22 | 22.9
Stealth        | 1 2 3 4 5 6 8 9 |  9.8
Dodging        | 3 4 6 8 9 10 12 16 19 | 19.8
Fighting       | 4 5 6 7 8 9 11 13 14 | 14.9
Shields        | 1 3 |  3.5
Armour         | |  1.4

Action                   |  1- 3 |  4- 6 |  7- 9 | 10-12 | 13-15 || total
-------------------------+-------+-------+-------+-------+-------++-------
Melee: Falchion          |   105 |   159 |   210 |    23 |       ||   497
       Punch             |       |     1 |     4 |     1 |       ||     6
       Long sword        |       |       |    45 |       |       ||    45
       Great sword       |       |       |       |   303 |   556 ||   859
       Scimitar          |       |       |       |     4 |       ||     4
       Tailslap          |       |       |       |       |     1 ||     1
       Dagger            |       |       |       |       |     1 ||     1
Invok: Berserk           |     1 |     1 |     5 |     7 |     5 ||    19
       Trog's Hand       |       |       |     3 |     3 |     5 ||    11
       Brothers in Arms  |       |       |       |       |     1 ||     1
  Use: Scroll            |       |       |    12 |     7 |     6 ||    25
       Potion            |       |       |       |       |     2 ||     2
 Stab: Sleeping          |     6 |    11 |    11 |    20 |    29 ||    77
       Distracted        |       |       |       |     2 |     7 ||     9
Armor: Animal skin       |    14 |       |       |       |       ||    14
       Robe              |    21 |    46 |    45 |    71 |    54 ||   237
Dodge: Dodged            |    85 |   101 |   147 |   304 |   556 ||  1193
Block: Other             |       |       |       |    13 |   104 ||   117
       Reflection        |       |       |       |       |     7 ||     7

Table legend: (Time is in decaauts)
 A = Elapsed time spent in this place.
 B = Non-inter-level travel time spent in this place.
 C = Inter-level travel time spent in this place.
 D = Time resting spent in this place.
 E = Time spent auto-exploring this place.
 F = Levels seen in this place.
 G = Mean time per level.
                   A        B        C        D        E       F      G
               +--------+--------+--------+--------+--------+-----+--------+
         Total |  17781 |  16099 |   1682 |      0 |  13053 |  19 |  935.8 |
       Dungeon |  14380 |  13020 |   1360 |      0 |  10902 |  15 |  958.7 |
  Orcish Mines |   1665 |   1402 |    263 |      0 |   1052 |   2 |  832.5 |
   Elven Halls |   1377 |   1320 |     57 |      0 |    884 |   1 | 1377.0 |
        Bailey |    357 |    357 |      0 |      0 |    215 |   1 |  357.0 |
               +--------+--------+--------+--------+--------+-----+--------+

Top non-repeatable levels by time:
   Elf:1: 1377 daAuts
     D:6: 1318 daAuts
     D:5: 1293 daAuts
     D:1: 1132 daAuts
     D:2: 1114 daAuts
     D:4: 1114 daAuts
     D:9: 1105 daAuts
    D:13: 1051 daAuts
   Orc:2: 1035 daAuts
     D:7: 971 daAuts
    D:11: 971 daAuts
    D:10: 945 daAuts
    D:14: 759 daAuts
     D:8: 740 daAuts
    D:12: 689 daAuts
